 Dungeon Crawl Stone Soup version 0.19.0 (webtiles) character file.

129 PrincessPwny the Chopper (level 4, -1/39 HPs)
             Began as a Minotaur Berserker on Nov 14, 2016.
             Was a Believer of Trog.
             Slain by Grinder (3 damage)
             ... on level 3 of the Dungeon.
             The game lasted 00:03:53 (1796 turns).

PrincessPwny the Chopper (Minotaur Berserker)       Turns: 1796, Time: 00:03:54

Health: -1/39      AC:  7    Str: 22    XL:     4   Next: 88%
Magic:  3/3        EV: 11    Int:  4    God:    Trog [**....]
Gold:   63         SH:  0    Dex: 10    Spells: 0 memorised, 3 levels left

rFire  . . .     SeeInvis +     a - +0 hand axe
rCold  . . .     Gourm    .     g - +0 ring mail
rNeg   . . .     Faith    .     (no shield)
rPois  .         Spirit   .     (helmet restricted)
rElec  .         Reflect  .     i - +0 cloak
rCorr  .         Harm     .     e - +0 pair of gloves
MR     .....                    (no boots)
Stlth  ..........               (no amulet)
                                (no ring)
                                l - ring of see invisible

@: exhausted, slowed, very slow
A: retaliatory headbutt, horns 2
a: Berserk, Trog's Hand, Burn Spellbooks, Renounce Religion


You were on level 3 of the Dungeon.
You worshipped Trog.
Trog was pleased with you.
You were hungry.

You visited 1 branch of the dungeon, and saw 3 of its levels.

You collected 63 gold pieces.

Inventory:

Hand Weapons
 a - a +0 hand axe (weapon)
Armour
 b - a +0 animal skin
 e - a +0 pair of gloves (worn)
 g - a +0 ring mail (worn)
 i - a +0 cloak (worn)
Jewellery
 l - a ring of see invisible (left hand)
Wands
 r - a wand of enslavement (9/24)
Scrolls
 h - a scroll of identify {@r1}
 k - a scroll of remove curse {unknown}
Potions
 d - a potion of agility {unknown}
 f - a potion of degeneration
 m - a potion of berserk rage
 n - a potion of flight {unknown}
 o - a potion of cancellation {unknown}
 p - a potion of might
 q - 2 potions of haste {unknown}
 s - a potion of curing {unknown}
Comestibles
 c - a bread ration


   Skills:
 - Level 3.6 Fighting
 * Level 6.8 Axes
 - Level 2.4 Armour
 - Level 2.1 Dodging


You had 3 spell levels left.
You didn't know any spells.

Dungeon Overview and Level Annotations

Branches:
Dungeon (2/15)

Altars:

Annotations:
D:3 Grinder


Innate Abilities, Weirdness & Mutations

You reflexively headbutt those who attack you in melee.
You have a pair of horns on your head.


Message History

Grinder gestures at you.
You suddenly lose the ability to move!
Grinder hits you!
You writhe in agony.
Grinder hits you.
You writhe in agony.
Grinder hits you.
* * * LOW HITPOINT WARNING * * *
You writhe in agony.
* * * LOW HITPOINT WARNING * * *
Grinder hits you but does no damage.
You can move again.
Unknown command.
You slash Grinder! Your headbutt misses Grinder.
Grinder is moderately wounded.
Grinder closely misses you.
You hit Grinder but do no damage. Your headbutt misses Grinder.
Grinder is moderately wounded.
Grinder gestures at you.
You barely resist. Grinder hits you.
* * * LOW HITPOINT WARNING * * *
You writhe in agony.
You die...

... #.# .# #.# .# #.# .#
#.# ##.# #.# #.. #.# #.#
#.####.##
#†...@..##############
#...#..5.................
#..###.....##########....
...# #(#.#.## #.... #.%#
#.##.#.# #.... #.. ##
#.#.# #...) #. #.#.#
#.... . #.#.# #.... #.#.#
#....


You could see Grinder.

Vanquished Creatures
  Natasha (twice) (D:3)
  3 adders (D:2)
  An ooze (D:1)
  3 dart slugs
  A leopard gecko (D:2)
  An orc (D:3)
  A ball python (D:1)
  7 bats
  2 giant cockroaches
  5 goblins (D:2)
  5 hobgoblins
  6 kobolds
  3 frilled lizards
  2 rats (D:2)
42 creatures vanquished.

Notes
Turn   | Place    | Note
-------+----------+-------------------------------------------
     0 | D:1      | PrincessPwny the Minotaur Berserker began the quest for the Orb.
     0 | D:1      | Reached XP level 1. HP: 19/19 MP: 0/0
   106 | D:1      | Reached skill level 4 in Axes
   444 | D:1      | Reached XP level 2. HP: 26/26 MP: 1/1
   792 | D:1      | Reached skill level 5 in Axes
  1070 | D:2      | Reached XP level 3. HP: 31/31 MP: 2/2
  1518 | D:2      | Reached ** piety under Trog
  1518 | D:2      | Reached XP level 4. HP: 37/39 MP: 3/3
  1547 | D:2      | Reached skill level 6 in Axes
  1613 | D:2      | You fall through a shaft!
  1615 | D:3      | Noticed Natasha
  1627 | D:3      | Killed Natasha
  1766 | D:3      | Noticed Grinder
  1767 | D:3      | Noticed Natasha
  1768 | D:3      | Paralysed by Grinder for 7 turns
  1776 | D:3      | Killed Natasha
  1791 | D:3      | Paralysed by Grinder for 4 turns
  1796 | D:3      | Slain by Grinder

Skill      XL: |  1  2  3  4 |
---------------+-------------+-----
Axes           | 4 5 6 |  6.8
Fighting       | |  3.6
Armour         | |  2.4
Dodging        | |  2.1

Action                   |  1- 3 |  4- 6 || total
-------------------------+-------+-------++-------
Melee: Hand axe          |    62 |    36 ||    98
       Headbutt          |    16 |     5 ||    21
Invok: Berserk           |       |     1 ||     1
  Use: Scroll            |     5 |       ||     5
  Eat: Chunk             |     2 |     1 ||     3
Armor: Ring mail         |    24 |    10 ||    34
Dodge: Dodged            |    39 |    12 ||    51
